 Dungeon Crawl Stone Soup version 0.27-a0-1559-g299f9947c5 (webtiles) character file.

Game seed: 9247728747767812129

465 HAL9000 the Changer (level 6, 0/47 HPs)
             Began as a Draconian Transmuter on July 16, 2021.
             Succumbed to a water moccasin's poison
             ... on level 6 of the Dungeon.
             The game lasted 00:03:15 (3736 turns).

HAL9000 the Changer (Draconian Transmuter)          Turns: 3736, Time: 00:03:16

Health: 0/47       AC:  6    Str: 12    XL:     6   Next: 80%
Magic:  6/9        EV: 19    Int: 15    God:
Gold:   133        SH:  0    Dex: 17    Spells: 3/9 levels left

rFire    . . .     SeeInvis .     - Unarmed
rCold    . . .     Faith    .   (shield currently unavailable)
rNeg     + . .     Spirit   .   (armour unavailable)
rPois    x         Reflect  .   (helmet currently unavailable)
rElec    .         Harm     .   (cloak currently unavailable)
rCorr    .         Rampage  .   (gloves currently unavailable)
Will     .....                  (boots currently unavailable)
Stlth    ++........             (no amulet)
HPRegen  0.15/turn              j - +4 ring of protection
MPRegen  0.11/turn              b - ring of positive energy

@: lethally poisoned (0 -> -32), spider-form
A: venomous fangs, AC +6, tiny, unfitting armour, (cold-blooded)
a: End Transformation


You were on level 6 of the Dungeon.
You were a venomous arachnid creature.
You visited 1 branch of the dungeon, and saw 4 of its levels.

You collected 133 gold pieces.

Inventory:

Missiles
 h - 18 boomerangs
Jewellery
 b - a ring of positive energy (right front leg)
 j - a +4 ring of protection (left front leg)
Scrolls
 a - a scroll of amnesia {unknown}
 d - 3 scrolls of teleportation {unknown}
 e - 5 scrolls of identify {unknown}
 i - a scroll of torment {unknown}
 o - 2 scrolls of enchant armour {unknown}
Potions
 c - a potion of mutation {unknown}
 l - 3 potions of heal wounds {unknown}
 m - a potion of cancellation {unknown}
 n - a potion of curing {unknown}


   Skills:
 - Level 1.1 Fighting
 - Level 1.7 Dodging
 - Level 3.0 Unarmed Combat
 - Level 2.0 Spellcasting
 + Level 7.4 Transmutations


You had 3 spell levels left.
You knew the following spells:

 Your Spells              Type           Power      Damage    Failure   Level
a - Beastly Appendage     Tmut           46%        N/A       5%          1
b - Wereblood             Tmut           23%        N/A       7%          2
c - Spider Form           Tmut/Pois      6%         N/A       32%         3

Your spell library contained the following spells:

 Spells                   Type           Power      Damage    Failure   Level
 Magic Dart               Conj           4%         1d3       43%         1
 Searing Ray              Conj           2%         3d3       54%         2
 Ice Form                 Ice/Tmut       12%        N/A       65%         4
 Fulminant Prism          Conj/Hex       0%         3d6       98%         4


Dungeon Overview and Level Annotations

Branches:
Dungeon (3/15)

Altars:
Hepliaklqana


Innate Abilities, Weirdness & Mutations

You are a venomous arachnid creature.
You have poisonous fangs.
You are tiny and dextrous.
Your spellcasting is less reliable in this form.
Your armour is entirely melded.
You are incapable of wielding weapons or throwing items.
((Your plain brown scales are hard. (AC +6)))
You cannot fit into any form of body armour.
((You are cold-blooded and may be slowed by cold attacks.))


Message History

Eustachio is almost dead.
Eustachio hits you with a +0 rapier! The white imp gestures at you.
The puff of frost misses you. The quokka bites you.
You hit Eustachio.
Eustachio looks as sick as possible!
Eustachio is almost dead.
The quokka closely misses you. The white imp barely misses you.
Eustachio hits you with a +0 rapier.
You hit Eustachio but do no damage.
Eustachio looks as sick as possible!
Eustachio is almost dead.
You kill Eustachio!
The bat disappears in a puff of smoke!
The quokka disappears in a puff of smoke!
The rat disappears in a puff of smoke!
The white imp disappears in a puff of smoke!
Your Transmutations skill increases to level 7!
Your transformation has ended.
You hear the brisk hiss of a very distant avalanche of sand.
The water moccasin closely misses you.
Casting: Spider Form (dangerous; 14% risk of failure)
Confirm with . or Enter, or press ? or * to list all spells.
Okay, then.
Okay, then.
Okay, then.
Casting: Spider Form (dangerous; 14% risk of failure)
Confirm with . or Enter, or press ? or * to list all spells.
You turn into a venomous arachnid creature.
The water moccasin bites you!
* * * LOW HITPOINT WARNING * * *
You closely miss the water moccasin. The water moccasin closely misses you.
Unknown command.
You barely miss the water moccasin. The water moccasin misses you.
The water moccasin barely misses you.
You closely miss the water moccasin. The water moccasin bites you.
* * * LOW HITPOINT WARNING * * *
You are lethally poisoned!
The water moccasin poisons you!
You hit the water moccasin.
The water moccasin is moderately wounded.
You die...

#+# #......... #.# #..##..###
##.##### #..###.# # #...(..#
#..# #.# # #.##########...##.#
#..###.###
#...§.)..##.....#.###.........
########§###.....÷.........###
#.#.##......##########
##....Ss.#### #########


You could see a water moccasin.

Vanquished Creatures
  Grinder (D:6)
  Eustachio (D:6)
  A bullfrog (D:6)
  5 adders
  A worm (D:3)
  A bat (D:1)
  5 endoplasms
  A giant cockroach (D:2)
  6 hobgoblins
  6 ball pythons
  3 frilled lizards
  6 kobolds
  4 rats
  A spectral hobgoblin (D:3)
42 creatures vanquished.

Notes
Turn   | Place    | Note
-------+----------+-------------------------------------------
     0 | D:1      | HAL9000 the Draconian Transmuter began the quest for the
                  | Orb.
     0 | D:1      | Reached XP level 1. HP: 16/16 MP: 3/3
   553 | D:1      | Reached XP level 2. HP: 23/23 MP: 3/5
   683 | D:1      | Reached skill level 3 in Transmutations
   686 | D:1      | Learned a level 2 spell: Wereblood
  1336 | D:2      | Found a faded altar of an unknown god.
  1404 | D:2      | Reached XP level 3. HP: 17/28 MP: 4/6
  1601 | D:2      | Learned a level 3 spell: Spider Form
  1871 | D:2      | Reached skill level 4 in Transmutations
  3194 | D:3      | Reached XP level 4. HP: 32/35 MP: 5/7
  3347 | D:3      | Found a hazy altar of Hepliaklqana.
  3384 | D:3      | You fall into a shaft and drop 3 floors!
  3385 | D:6      | Noticed Grinder
  3387 | D:6      | Paralysed by Grinder for 7 turns
  3403 | D:6      | Killed Grinder
  3404 | D:6      | Reached skill level 6 in Transmutations
  3404 | D:6      | Reached XP level 5. HP: 40/40 MP: 8/8
  3501 | D:6      | Reached XP level 6. HP: 18/47 MP: 5/9
  3706 | D:6      | Noticed Eustachio
  3720 | D:6      | Noticed a water moccasin
  3725 | D:6      | Killed Eustachio
  3726 | D:6      | Reached skill level 7 in Transmutations
  3736 | D:6      | Succumbed to a water moccasin's poison

Illustrated notes

Levels and vault maps discovered:
D:1:      dpeg_arrival_arbitrary_b, layout_basic
D:2:      layout_loops_corners, dreamdust_ecumenical_altar_grove
D:3:      layout_basic, nicolae_hepliaklqana_monster_ancestors
D:6:      layout_loops_corners, nicolae_ossuary_entry_plus, uniq_grinder,
          uniq_edmund, uniq_eustachio

Skill      XL: |  1  2  3  4  5  6 |
---------------+-------------------+-----
Transmutations | 3 4 6 7 |  7.4
Fighting       | |  1.1
Dodging        | |  1.7
Unarmed Combat | |  3.0
Spellcasting   | |  2.0

Action                   |  1- 3 |  4- 6 || total
-------------------------+-------+-------++-------
Melee: Unarmed           |   110 |    52 ||   162
       Kick              |    17 |     1 ||    18
       Tailslap          |     6 |     3 ||     9
       Headbutt          |     8 |     1 ||     9
       Punch             |     1 |       ||     1
 Cast: Beastly Appendage |    23 |     3 ||    26
       Spider Form       |       |     4 ||     4
  Use: Potion            |       |     3 ||     3
 Stab: Sleeping          |     1 |       ||     1
Armor: Skin              |    38 |     9 ||    47
Dodge: Dodged            |    65 |    32 ||    97

Table legend: (Time is in decaauts)
 A = Elapsed time spent in this place.
 B = Non-inter-level travel time spent in this place.
 C = Inter-level travel time spent in this place.
 D = Time resting spent in this place.
 E = Time spent auto-exploring this place.
 F = Levels seen in this place.
 G = Mean time per level.
                   A        B        C        D        E       F      G
               +--------+--------+--------+--------+--------+-----+--------+
         Total |   3735 |   3683 |     52 |    712 |   2602 |   4 |  933.8 |
       Dungeon |   3735 |   3683 |     52 |    712 |   2602 |   4 |  933.8 |
               +--------+--------+--------+--------+--------+-----+--------+

Top non-repeatable levels by time:
     D:2: 1449 daAuts
     D:3: 1028 daAuts
     D:1: 897 daAuts
     D:6: 360 daAuts
